cohdb
Replays
Latest Replays
All Replays
Popular Replays
Top Player Replays
Match Explorer
How It Works
Community
CoH3 Stats
Reddit
Sign in to upload your games and track your stats! →
Sign in with Steam
Match 40192212
Unlisted
Match 40192212
Overview
Messages
Build Orders
End
Construct Infanterie Kompanie
Selects Mechanized Battlegroup
MG 42 Machine Gun Team
Grenadier Squad
GrW 34 Mortar Team
Construct Panzergrenadier Kompanie
Grenadier Squad
251 Medium Carrier
Selects Mobile Repair Stations
亦生亦死过去身
Josef MelonZ0r
XXxxxGxxxXX
QAQ
Inkredyble
晴天小怪兽
Cleverslim
Bananenratte
0
0
Comments
sign in to comment!
No comments posted yet!